 Dungeon Sprint DCSS version 0.28.0-49-g6dfe1f597d (webtiles) character file.

Game seed: 18031004624940976355

19870 Revguard the Champion of Chaos (level 12, -3/105 HPs)
             Began as a Demonspawn Fighter on May 13, 2022.
             Was the Champion of Makhleb.
             Killed from afar by a hell hog (31 damage)
             ... with a fireball
             ... in the Dungeon (Sprint V: "Ziggurat Sprint").
             The game lasted 00:12:44 (967 turns).

Revguard the Champion of Chaos (Demonspawn Fighter)  Turns: 967, Time: 00:12:46

Health: -3/105     AC: 35    Str: 25    XL:     12   Next: 40%
Magic:  23/23      EV:  8    Int: 15    God:    Makhleb [******]
Gold:   0          SH: 36    Dex: 20    Spells: 11/11 levels left

rFire   . . .      SeeInvis +   k - +7 Screaming Sword {vorpal, sonic wave}
rCold   x . .      Faith    .   m - +18 shield of the Gong {rElec rN+ Will+ EV-5}
rNeg    + . .      Spirit   .   l - +15 Maxwell's patent armour {-Cast -Tele rElec Will+ rCorr}
rPois   .          Reflect  +   (helmet unavailable)
rElec   +          Harm     .   (no cloak)
rCorr   +          Rampage  .   Q - +3 pair of gloves of the Crypt {Int+4 Stlth+}
Will    ++...      NoTele   +   (no boots)
Stlth   .......... NoCast   +   P - amulet "Pyadaexe" {Reflect rC- SH+5 SInv Stlth+}
HPRegen 0.27/turn               s - +6 ring of strength
MPRegen 0.18/turn               o - +6 ring of dexterity

@: weakened, studying Axes
A: horns 3, demonic guardian 2, condensation shield
a: Renounce Religion, Minor Destruction, Lesser Servant of Makhleb, Major
Destruction, Greater Servant of Makhleb


You were in the Dungeon.
You worshipped Makhleb.
Makhleb was exalted by your worship.
You visited 1 branch

Inventory:

Hand Weapons
 a - a +0 long sword
 k - the +7 Screaming Sword (weapon) {vorpal, sonic wave}
   (You found it in the Dungeon)

   It inflicts extra damage upon your enemies.
   It radiates damaging sonic waves as it strikes, especially in combat
   involving dangerous or numerous foes.
Armour
 l - the +15 Maxwell's patent armour (worn) {-Cast -Tele rElec Will+ rCorr}
   (You found it in the Dungeon)

   rElec:     It insulates you from electricity.
   -Cast:     It prevents spellcasting.
   -Tele:     It prevents most forms of teleportation.
   rCorr:     It protects you from acid and corrosion.
   Will:      It increases your willpower.
 m - the +18 shield of the Gong (worn) {rElec rN+ Will+ EV-5}
   (You found it in the Dungeon)

   It is deafeningly noisy when blocking attacks.
   EV:        It affects your evasion (-5).
   rElec:     It insulates you from electricity.
   rN:        It protects you from negative energy.
   Will:      It increases your willpower.
 Q - the +3 pair of gloves of the Crypt (worn) {Int+4 Stlth+}
   (You found it in the Dungeon)

   Int:       It affects your intelligence (+4).
   Stlth:     It makes you more stealthy.
Jewellery
 n - a ring of flight
 o - a +6 ring of dexterity (right hand)
 s - a +6 ring of strength (left hand)
 G - a ring of positive energy
 P - the amulet "Pyadaexe" (around neck) {Reflect rC- SH+5 SInv Stlth+}
   (You found it in the Dungeon)

   [amulet of reflection]

   It reflects blocked missile attacks.
   rC:        It makes you vulnerable to cold.
   SInv:      It lets you see invisible.
   SH:        It affects your SH (+5).
   Stlth:     It makes you more stealthy.
Wands
 v - a wand of mindburst (7)
 w - a wand of iceblast (7)
 x - a wand of acid (7)
Scrolls
 j - 4 scrolls of blinking
 y - 4 scrolls of amnesia
 D - 7 scrolls of fog
 E - 5 scrolls of identify
 F - 2 scrolls of fear
Potions
 d - 7 potions of might
 e - 10 potions of curing
 f - 8 potions of heal wounds
 g - 6 potions of haste
 h - 7 potions of magic
 i - 3 potions of berserk rage
 z - 2 potions of brilliance
 A - 2 potions of invisibility
 B - 4 potions of resistance
Miscellaneous
 u - a lightning rod (4/4)
 C - a box of beasts
 H - a condenser vane
 I - a phial of floods
 J - a tin of tremorstones (2/2)


   Skills:
 + Level 13.0 Fighting
 + Level 11.6 Long Blades
 + Level 12.1 Armour
 + Level 11.6 Dodging
 + Level 12.1 Shields
 + Level 15.9 Invocations
 + Level 12.5 Evocations


You had 11 spell levels left.
You didn't know any spells.
Your spell library contained the following spells:

 Spells                   Type           Power      Damage    Failure   Level
 Apportation              Tloc           0%         N/A       99%         1
 Beastly Appendage        Tmut           0%         N/A       99%         1
 Slow                     Hex            0%         N/A       99%         1
 Wereblood                Tmut           0%         N/A       100%        2
 Confusing Touch          Hex            0%         N/A       100%        3
 Spider Form              Tmut/Pois      0%         N/A       100%        3
 Stone Arrow              Conj/Erth      0%         3d7       100%        3
 Vampiric Draining        Necr           0%         2d6       100%        3
 Animate Armour           Summ/Erth      0%         N/A       100%        4
 Alistair's Intoxication  Tmut/Pois      0%         N/A       100%        5
 Discord                  Hex            0%         N/A       100%        8
 Lehudib's Crystal Spear  Conj/Erth      0%         10d2      100%        8


Dungeon Overview and Level Annotations

Branches:
Dungeon (1/1)

Altars:
Ashenzari
Cheibriados
Dithmenos
Elyvilon
Fedhas
Gozag
Hepliaklqana
Kikubaaqudgha
Makhleb
Nemelex Xobeh
Okawaru
Qazlal
Ru
Sif Muna
Trog
Uskayaw
Vehumet
Wu Jian
Xom
Yredelemnul
Zin
The Shining One
Beogh
Jiyva
Lugonu

Annotations:
D 1 transporter


Innate Abilities, Weirdness & Mutations

You have a pair of large horns on your head.
A demonic guardian rushes to your aid.
A meltable shield of frost defends you. (SH +0)


Message History

The hell hog dies! 6 fire vortices come into view.
The hell hog breathes fire at you.
The fireball explodes!
The fireball engulfs you.
The fireball engulfs the balrug.
The balrug completely resists.
The fireball engulfs the hell hog.
The hell hog completely resists.
The fireball engulfs your soul eater!!
Your soul eater dies!
Your soul eater disappears in a puff of smoke!
The balrug gestures at you. Something smites you!
The fire giant is engulfed in blazing flames.
The fire giant shouts!
Your tin of tremorstones (2/2) has regained one charge.
Your condenser vane has recharged.
Your Fighting skill increases to level 13!
Your Armour skill increases to level 12!
Your Shields skill increases to level 12!
A demon appears!
The hellephant breathes flames at you.
The blast of flame misses the balrug.
The blast of flame hits you!!
* * * LOW HITPOINT WARNING * * *
A demonic guardian appears!
The hell hog bites your blizzard demon! You block the balrug's attack.
PANG!
The fire giant is engulfed in blazing flames.
The fire giant casts a spell at you.
The bolt of fire hits the hell hog.
The hell hog completely resists.
The bolt of fire misses you.
The fire giant is engulfed in blazing flames.
The fire giant points at you and mumbles some strange words.
The bolt of fire hits the hell hog.
The hell hog completely resists.
The bolt of fire misses you.
You feel much better.
The hell hog breathes fire at your blizzard demon.
The fireball explodes!
The fireball engulfs your blizzard demon!!!
Your blizzard demon is burned terribly!
The fireball engulfs you!!
You die...

▓▓▓▓▓▓▓▓▓▓▓▓
▓...8©8...▓...8©8...▓.
▓.§v§§§v=.▓.."}[})..▓.
▓§§§§§§§§.▓..|.[....▓.
▓§§vv§v§§.▓.........▓.
▓§§v§§§§§.▓.........▓.
▓..YCC§§..▓.....)...▓.
▓...2h§...▓..)()(...▓.
▓..▓2@.▓..▓...).))..▓.
▓.▓.3...▓.▓.▓..)..▓.▓.
▓....©....▓....©....▓▓
▓▓▓▓▓▓▓▓▓▓▓▓▓▓▓▓▓▓▓▓▓


You could see a hellephant (catching breath), 2 fire giants, a balrug (ally
target), a hell hog (catching breath, ally target), 6 fire vortices, a friendly
blizzard demon (summoned) and a friendly sixfirhy (summoned).

Vanquished Creatures
  2 stone giants (D)
  A deep elf demonologist (D)
  A mummy priest (D)
  A yaktaur captain (D)
  7 vault guards (D)
  A salamander tyrant (D)
  2 dancing weapons (D)
  A death scarab (D)
  A hell hog (D)
  A deep elf knight (D)
  A deep elf zephyrmancer (D)
  2 deep elf archers (D)
  3 deep elf pyromancers (D)
  An ugly thing (D)
  5 draconians (D)
  5 guardian mummies (D)
  A raiju (shapeshifter) (D)
  A flying skull (D)
  3 spriggans (D)
  2 ushabtiu (D)
  An ice beast (shapeshifter) (D)
  3 black bears (D)
  2 wolves (D)
  A phantom (D)
  A wight (D)
  4 mummies (D)
  2 adders (D)
  An adder skeleton (D)
  A worm (shapeshifter) (D)
  2 ball pythons (D)
  A bat skeleton (D)
  A bat zombie (D)
  A ball python skeleton (D)
  A ball python zombie (D)
  A jackal skeleton (D)
  A creeping inferno (D)
66 creatures vanquished.

Vanquished Creatures (collateral kills)
  A spriggan (D)
1 creature vanquished.

Vanquished Creatures (others)
  A balrug (D)
  A hell hog (D)
  A tormentor (D)
3 creatures vanquished.

Grand Total: 70 creatures vanquished

Notes
Turn   | Place    | Note
-------+----------+-------------------------------------------
     0 | D        | Revguard the Demonspawn Fighter began the quest for the
                  | Orb.
     0 | D        | Reached XP level 1. HP: 18/18 MP: 1/1
     0 | D        | Found a blossoming altar of Fedhas.
     0 | D        | Found the +6 Majin-Bo {vamp, MP+6 Int+6}
     0 | D        | Found the +9 heavy crossbow "Sniper" {vorpal, Acc+∞ SInv}
     0 | D        | Found the +10 dark maul {vorpal}
     0 | D        | Found the +15 Maxwell's patent armour {-Cast -Tele rElec
                  | Will+ rCorr}
     0 | D        | Found the +18 shield of the Gong {rElec rN+ Will+ EV-5}
     0 | D        | Found the +14 obsidian axe {vorpal, Mesm Drain Fly SInv}
     0 | D        | Found the +7 great mace "Firestarter" {inner flame, rF++}
     0 | D        | Found the +6 shillelagh "Devastator" {shatter}
     0 | D        | Found the +11 plutonium sword {Contam Stlth-}
     0 | D        | Found the +8 lance "Wyrmbane" {slay drac, rPois rF+ rC+
                  | AC+3}
     0 | D        | Found the +9 sword of Zonguldrok {reap}
     0 | D        | Found the +13 scythe of Curses {drain, Drain}
     0 | D        | Found the +5 sword of Power {vorpal}
     0 | D        | Found the +7 mace of Variability {chain chaos}
     0 | D        | Found the +7 Singing Sword {vorpal, sonic wave}
     0 | D        | Found the +8 storm bow {elec, penet}
     1 | D        | Found a transporter.
     1 | D        | Found a viscous altar of Jiyva.
     1 | D        | Found an ancient bone altar of Kikubaaqudgha.
     1 | D        | Found a hazy altar of Hepliaklqana.
     1 | D        | Found a corrupted altar of Lugonu.
     1 | D        | Found an opulent altar of Gozag.
     1 | D        | Found a burning altar of Makhleb.
     6 | D        | Found an iron altar of Okawaru.
     6 | D        | Found a stormy altar of Qazlal.
     6 | D        | Found a sparkling altar of Nemelex Xobeh.
     6 | D        | Found a sacrificial altar of Ru.
     6 | D        | Found a shimmering blue altar of Sif Muna.
    16 | D        | Became a worshipper of Makhleb the Destroyer
    45 | D        | Found a bloodstained altar of Trog.
    61 | D        | Reached skill level 1 in Dodging
    61 | D        | Reached skill level 3 in Invocations
    61 | D        | Gained mutation: A weak demonic guardian rushes to your
                  | aid. [demonic ancestry]
    61 | D        | Reached XP level 2. HP: 25/25 MP: 1/4
    99 | D        | Entered arena 2.
    99 | D        | Noticed a deep elf pyromancer
    99 | D        | Noticed a deep elf archer
    99 | D        | Found a transporter.
   102 | D        | Killed a deep elf pyromancer
   103 | D        | Reached skill level 5 in Long Blades
   103 | D        | Reached skill level 6 in Invocations
   103 | D        | Reached skill level 5 in Evocations
   103 | D        | Gained mutation: You have a pair of small horns on your
                  | head. [demonic ancestry]
   103 | D        | Reached XP level 3. HP: 26/34 MP: 4/7
   103 | D        | Reached XP level 4. HP: 30/40 MP: 5/9
   103 | D        | Gained mutation: You have a pair of horns on your head.
                  | [demonic ancestry]
   103 | D        | Reached XP level 5. HP: 35/46 MP: 5/10
   103 | D        | Reached XP level 6. HP: 40/52 MP: 5/11
   105 | D        | Killed a deep elf archer
   106 | D        | Reached skill level 5 in Dodging
   106 | D        | Reached skill level 8 in Invocations
   106 | D        | Reached XP level 7. HP: 46/60 MP: 5/13
   172 | D        | Entered arena 3.
   172 | D        | Noticed a spriggan
   172 | D        | Noticed a spriggan
   172 | D        | Found a transporter.
   186 | D        | Reached * piety under Makhleb
   188 | D        | Killed a spriggan
   189 | D        | Reached XP level 8. HP: 26/67 MP: 14/14
   366 | D        | Entered arena 4.
   366 | D        | Noticed a green ugly thing
   366 | D        | Noticed a rime drake
   366 | D        | Found a transporter.
   368 | D        | Noticed a raiju
   368 | D        | a rime drake changed into a raiju
   372 | D        | Killed a raiju
   372 | D        | Reached ** piety under Makhleb
   373 | D        | Reached skill level 9 in Invocations
   375 | D        | Killed a green ugly thing
   378 | D        | Got the Handbook of Bewitchment
   382 | D        | Entered arena 5.
   382 | D        | Found a transporter.
   389 | D        | Reached *** piety under Makhleb
   401 | D        | Entered arena 6.
   401 | D        | Noticed a draconian
   401 | D        | Noticed a draconian
   401 | D        | Noticed a draconian
   401 | D        | Noticed a draconian
   401 | D        | Noticed a draconian
   401 | D        | Found a transporter.
   405 | D        | Killed a draconian
   405 | D        | Reached **** piety under Makhleb
   406 | D        | Reached skill level 10 in Invocations
   406 | D        | Gained mutation: You have a pair of large horns on your
                  | head. [demonic ancestry]
   406 | D        | Reached XP level 9. HP: 74/75 MP: 16/16
   408 | D        | Killed a draconian
   408 | D        | Killed a draconian
   411 | D        | Killed a draconian
   412 | D        | Reached skill level 11 in Invocations
   413 | D        | Killed a draconian
   422 | D        | Entered arena 7.
   422 | D        | Noticed a mummy priest
   422 | D        | Noticed a guardian mummy
   423 | D        | Found a transporter.
   427 | D        | Reached ***** piety under Makhleb
   427 | D        | Killed a guardian mummy
   428 | D        | Gained mutation: A meltable shield of frost defends you.
                  | (SH +0) [demonic ancestry]
   428 | D        | Reached XP level 10. HP: 74/83 MP: 18/18
   428 | D        | Killed a mummy priest
   481 | D        | Entered arena 8.
   482 | D        | Found a transporter.
   487 | D        | Reached skill level 12 in Invocations
   488 | D        | Reached skill level 10 in Fighting
   489 | D        | Reached ****** piety under Makhleb
   496 | D        | Entered arena 9.
   497 | D        | Found a transporter.
   510 | D        | Got the amulet of Recklessness {*Corrode rF++ Regen+}
   619 | D        | Entered arena 10.
   619 | D        | Noticed a deep elf pyromancer
   619 | D        | Noticed a deep elf pyromancer
   619 | D        | Noticed a deep elf knight
   619 | D        | Noticed a deep elf archer
   619 | D        | Noticed a +3 vorpal battleaxe
   619 | D        | Noticed a deep elf demonologist
   619 | D        | Noticed a deep elf zephyrmancer
   619 | D        | Noticed a +2 vorpal long sword
   620 | D        | Found a transporter.
   621 | D        | Noticed a rust devil
   622 | D        | Noticed a Hell Sentinel
   623 | D        | Killed a deep elf pyromancer
   623 | D        | Killed a deep elf zephyrmancer
   623 | D        | Killed a deep elf demonologist
   623 | D        | Killed a deep elf knight
   623 | D        | Killed a deep elf archer
   624 | D        | Reached skill level 10 in Armour
   624 | D        | Reached skill level 10 in Shields
   624 | D        | Reached skill level 13 in Invocations
   624 | D        | Reached skill level 10 in Evocations
   624 | D        | Reached XP level 11. HP: 92/92 MP: 20/20
   624 | D        | Killed a +2 vorpal long sword
   627 | D        | Killed a +3 vorpal battleaxe
   628 | D        | Killed a deep elf pyromancer
   629 | D        | Reached skill level 10 in Long Blades
   760 | D        | Entered arena 11.
   760 | D        | Noticed a death scarab
   761 | D        | Found a transporter.
   768 | D        | Reached skill level 10 in Dodging
   769 | D        | Killed a death scarab
   770 | D        | Reached skill level 14 in Invocations
   780 | D        | Got the amulet "Pyadaexe" {Reflect rC- SH+5 SInv Stlth+}
   794 | D        | Got the +3 pair of gloves of the Crypt {Int+4 Stlth+}
   803 | D        | Entered arena 12.
   803 | D        | Noticed a vault guard
   803 | D        | Noticed a vault guard
   803 | D        | Noticed a stone giant
   803 | D        | Noticed a vault guard
   803 | D        | Noticed a vault guard
   803 | D        | Noticed a stone giant
   803 | D        | Noticed a yaktaur captain
   804 | D        | Noticed a vault guard
   804 | D        | Noticed a vault guard
   804 | D        | Noticed a vault guard
   805 | D        | Found a transporter.
   809 | D        | Killed a vault guard
   810 | D        | Killed a vault guard
   810 | D        | Killed a yaktaur captain
   811 | D        | Killed a stone giant
   812 | D        | Killed a vault guard
   813 | D        | Killed a vault guard
   813 | D        | Killed a vault guard
   814 | D        | Reached skill level 15 in Invocations
   814 | D        | Gained mutation: A demonic guardian rushes to your aid.
                  | [demonic ancestry]
   814 | D        | Reached XP level 12. HP: 71/103 MP: 21/23
   814 | D        | Killed a vault guard
   814 | D        | Killed a vault guard
   815 | D        | Killed a stone giant
   961 | D        | Entered arena 13.
   961 | D        | Noticed a hell hog
   961 | D        | Noticed a fire giant
   961 | D        | Noticed a salamander tyrant
   961 | D        | Noticed a balrug
   961 | D        | Noticed a hell hog
   961 | D        | Noticed a hellephant
   962 | D        | Noticed a fire giant
   962 | D        | Noticed a balrug
   962 | D        | Noticed a hell hog
   964 | D        | Found a transporter.
   965 | D        | Killed a hell hog
   965 | D        | Killed a salamander tyrant
   965 | D        | Killed a balrug
   965 | D        | Killed a hell hog
   967 | D        | Killed from afar by a hell hog

Illustrated notes

Levels and vault maps discovered:
D:        sprint_v [room_start, room_1, room_2, room_3, room_4, room_5, room_6,
          room_7, room_8, room_9, room_10, room_11, room_12, room_13, room_14,
          room_15, room_16, room_17, room_18, room_19, room_20, room_21,
          room_22, room_23, room_24, room_25, room_26, room_27]

Skill      XL: |  1  2  3  4  5  6  7  8  9 10 11 12 |
---------------+-------------------------------------+-----
Long Blades    | 2 5 6 7 8 9 11 | 11.6
Armour         | 4 6 7 8 10 11 12 | 12.1
Dodging        | 1 4 5 7 8 9 11 | 11.6
Shields        | 4 6 7 8 9 10 11 12 | 12.1
Invocations    | 3 6 8 10 11 13 15 | 15.9
Evocations     | 2 5 6 7 9 10 11 12 | 12.5
Fighting       | 6 7 8 9 10 12 13 | 13.0

Action                   |  1- 3 |  4- 6 |  7- 9 | 10-12 || total
-------------------------+-------+-------+-------+-------++-------
Melee: Double sword      |     3 |     3 |    43 |    35 ||    84
       Headbutt          |       |     1 |     7 |     7 ||    15
Invok: Greater Servant o |       |       |       |     1 ||     1
Evoke: Box of beasts     |       |       |     1 |       ||     1
       Condenser vane    |       |       |     1 |     4 ||     5
       Tin of tremorston |       |       |     1 |     3 ||     4
  Use: Potion            |     1 |       |     1 |     1 ||     3
Armor: Plate armour      |       |       |    36 |    23 ||    59
Dodge: Dodged            |       |       |     9 |     5 ||    14
Block: Kite shield       |     5 |     3 |   104 |    91 ||   203
       Reflection        |       |       |       |     2 ||     2
